 Dungeon Crawl Stone Soup version 0.16-a0-3425-gb4a0a08 (webtiles) character file.

223 NewYearsCrawler the Chopper (level 6, -8/47 HPs)
             Began as a Formicid Fighter on Jan 1, 2015.
             Mangled by NewYearsCrawler's ghost (9 damage)
             ... on level 4 of the Dungeon.
             The game lasted 00:06:33 (3176 turns).

NewYearsCrawler the Chopper (Formicid Fighter)      Turns: 3176, Time: 00:06:33

Health: -8/47      AC:  8    Str: 22    XL:     6   Next: 20%
Magic:  8/8        EV:  8    Int:  8    God:
Gold:   155        SH:  9    Dex: 10    Spells: 0 memorised, 5 levels left

rFire  + . .     SeeInvis +     a - +0 war axe
rCold  + . .     Clarity  .     b - +0 scale mail
rNeg   . . .     SustAb   .     c - +0 shield
rPois  .         Gourm    .     (helmet unavailable)
rElec  .         Spirit   .     (no cloak)
rCorr  .         Warding  .     G - +0 pair of gloves
rMut   .         Stasis   +     (no boots)
MR     .....                    (no amulet)
Stlth  ..........               i - ring of protection from cold
                                h - ring of protection from fire

@: not resistant to hostile enchantments, extremely unstealthy
A: permanent stasis, dig shafts and tunnels, four strong arms, antennae 3
a: Dig, Shaft Self


You were on level 4 of the Dungeon.
You were hungry.

You visited 2 branches of the dungeon, and saw 5 of its levels.

You collected 155 gold pieces.

Inventory:

Hand weapons
 a - a +0 war axe (weapon)
Missiles
 E - 3 tomahawks (quivered)
 F - 2 poisoned tomahawks
Armour
 b - a +0 scale mail (worn)
 c - a +0 shield (worn)
 G - a +0 pair of gloves (worn)
Jewellery
 h - a ring of protection from fire (left hand)
 i - a ring of protection from cold (right hand)
Scrolls
 f - 6 scrolls of identify {unknown}
 k - a scroll of magic mapping {unknown}
 l - a scroll of enchant armour {unknown}
 p - a scroll of recharging {unknown}
 q - a scroll of fog {unknown}
 r - 2 scrolls of teleportation {unknown}
 t - a scroll of random uselessness {unknown}
 w - a scroll of enchant weapon {unknown}
 x - a scroll of remove curse {unknown}
 D - 3 scrolls of amnesia {unknown}
Potions
 e - a potion of might
 j - a potion of agility {unknown}
 n - a potion of poison
 o - a potion of mutation {unknown}
 s - a potion of curing
 u - a potion of restore abilities {unknown}
 A - a potion of haste {unknown}
 B - a potion of lignification {unknown}
 C - a potion of cancellation
Books
 y - a book of Changes

   Spells                             Type                      Level
   a - Beastly Appendage              Transmutation                1
   b - Sticks to Snakes               Transmutation                2
   c - Spider Form                    Transmutation/Poison         3
   d - Ice Form                       Ice/Transmutation            4
   e - Blade Hands                    Transmutation                5
Comestibles
 d - a bread ration
 g - 2 beef jerkies
 m - a slice of pizza
 v - 3 meat rations
 z - a royal jelly


   Skills:
 - Level 3.2 Fighting
 * Level 6.0 Axes
 - Level 3.2 Armour
 - Level 3.6 Shields


You had 5 spell levels left.
You didn't know any spells.

Dungeon Overview and Level Annotations

Branches:
Dungeon (4/15)             Temple (1/1) D:4

Altars:
Ashenzari
Cheibriados
Elyvilon
Gozag
Nemelex Xobeh
Qazlal
Vehumet
Yredelemnul
Zin
The Shining One

Annotations:
D:4 NewYearsCrawler's ghost, average FoFi


Innate Abilities, Weirdness & Mutations

You are under a permanent stasis effect.
You can dig through walls and to a lower floor.
Your four strong arms can wield two-handed weapons with a shield.
You have a pair of large antennae on your head (SInv).


Message History

NewYearsCrawler's ghost closely misses you.
You hit NewYearsCrawler's ghost but do no damage.
NewYearsCrawler's ghost is severely damaged.
You block NewYearsCrawler's ghost's attack.
You hit NewYearsCrawler's ghost but do no damage.
NewYearsCrawler's ghost is severely damaged.
NewYearsCrawler's ghost barely misses you.
You hit NewYearsCrawler's ghost but do no damage.
NewYearsCrawler's ghost is severely damaged.
NewYearsCrawler's ghost hits you!
* * * LOW HITPOINT WARNING * * *
NewYearsCrawler's ghost hits you.
* * * LOW HITPOINT WARNING * * *
You hit NewYearsCrawler's ghost but do no damage.
NewYearsCrawler's ghost is severely damaged.
You block NewYearsCrawler's ghost's attack.
You hit NewYearsCrawler's ghost but do no damage.
NewYearsCrawler's ghost is severely damaged.
NewYearsCrawler's ghost hits you!
You die...

.#....#..#.###.....#.#..
.##...##...# ###.#.#....#
.#8...8#.#.# ##.#....#.#
.##...##.#.####...........
.##...##...........#.#..# #
.##.).###.............#.#.#
.#8...8#......#.......#.#.##
###...########>.##.........#
8##...##8###8#..@W.......#..##
...............###...........#
....⌠......^...# #...###....##
...............# #...# ...#
8##...##8###8### ##.## ...#
###...#### ### ### ... #8...8#
. ##...## ###...#


You could see NewYearsCrawler's ghost.

Vanquished Creatures
  An orc priest (D:4)
  3 orc wizards
  A worker ant (D:4)
  4 worms
  A giant gecko (D:4)
  10 orcs
  2 ball pythons (D:4)
  8 bats
  5 giant cockroaches
  10 goblins
  7 hobgoblins
  5 jackals
  8 kobolds
  A giant newt (D:3)
  A quokka (D:3)
  5 rats
  A spectral orc (D:3)
73 creatures vanquished.

Notes
Turn   | Place    | Note
--------------------------------------------------------------
     0 | D:1      | NewYearsCrawler, the Formicid Fighter, began the quest for the Orb.
     0 | D:1      | Reached XP level 1. HP: 18/18 MP: 1/1
   236 | D:1      | Reached XP level 2. HP: 22/24 MP: 3/3
   536 | D:1      | Reached XP level 3. HP: 27/29 MP: 4/4
   812 | D:2      | Found a stormy altar of Qazlal.
  1544 | D:3      | Reached skill level 4 in Axes
  1544 | D:3      | Reached XP level 4. HP: 35/35 MP: 5/5
  1670 | D:3      | Found a white marble altar of Elyvilon.
  1702 | D:3      | Found a basalt altar of Yredelemnul.
  1970 | D:3      | Reached XP level 5. HP: 31/41 MP: 7/7
  2178 | D:3      | Reached skill level 5 in Axes
  2465 | D:4      | Found a staircase to the Ecumenical Temple.
  2525 | Temple   | Entered the Ecumenical Temple
  2899 | D:4      | Reached XP level 6. HP: 44/47 MP: 8/8
  2902 | D:4      | Reached skill level 6 in Axes
  3146 | D:4      | Noticed NewYearsCrawler's ghost (average FoFi)
  3159 | D:4      | HP: 2/47 [poison (a potion of poison)]
  3174 | D:4      | HP: 2/47 [NewYearsCrawler's ghost (10)]
  3176 | D:4      | Mangled by NewYearsCrawler's ghost

Action                   |  1- 3 |  4- 6 || total
-------------------------+-------+-------++-------
Melee: War axe           |   117 |   147 ||   264
  Use: Potion            |       |     4 ||     4
  Eat: Chunk             |     2 |     5 ||     7
